 Dungeon Crawl Stone Soup version 0.29.0-4-gdea44cf6ec (webtiles) character file.

Game seed: 15574836466823134782

42 qw the Sneak (level 3, -11/29 HPs)
             Began as a Ghoul Enchanter on Sept 8, 2022.
             Killed from afar by Natasha (15 damage)
             ... with a bolt of dispelling energy
             ... on level 2 of the Dungeon.
             The game lasted 00:00:39 (1767 turns).

qw the Sneak (Ghoul Enchanter)                      Turns: 1767, Time: 00:00:40

Health: -11/29     AC:  8    Str: 13    XL:     3   Next: 56%
Magic:  4/4        EV:  5    Int: 10    God:
Gold:   94         SH:  0    Dex:  9    Spells: 5/5 levels left

rFire   + . .      SeeInvis .   Y - +0 hand axe
rCold   + + +      Faith    .   (no shield)
rNeg    + + +      Spirit   .   l - +0 chain mail
rPois   inf        Reflect  .   (no helmet)
rElec   .          Harm     .   h - scarf {rC+ rF+}
rCorr   .          Rampage  .   (no gloves)
Will    .....                   (no boots)
Stlth   ..........              (no amulet)
HPRegen 0.00/turn               f - ring of protection from cold
MPRegen 0.09/turn               (no ring)

@: inhibited regen, slowed, very slow
A: claws 1, cold resistance 1, negative energy resistance 3, inhibited
regeneration, torment resistance 2, devour on kill
a: no special abilities


You were on level 2 of the Dungeon.
You visited 1 branch of the dungeon, and saw 2 of its levels.

You collected 94 gold pieces.


Innate Abilities, Weirdness & Mutations

You are immune to poison.
You have sharp fingernails.
Your flesh is cold resistant. (rC+)
You are immune to negative energy. (rN+++)
You do not regenerate when monsters are visible.
You are immune to unholy pain and torment.
You thrive by killing the living.


   Skills:
 + Level 1.7 Fighting
 - Level 0.8 Short Blades
 - Level 2.2 Axes
 - Level 1.7 Dodging
 - Level 3.2 Stealth
 - Level 1.7 Spellcasting
 - Level 2.4 Hexes


You had 5 spell levels left.
You didn't know any spells.
Your spell library contained the following spells:

 Spells                   Type           Power      Damage    Failure   Level
 Ensorcelled Hibernation  Hex/Ice        6%         N/A       100%        2
 Confusing Touch          Hex            5%         N/A       100%        3
 Dazzling Flash           Conj/Hex       6%         N/A       100%        3
 Tukima's Dance           Hex            5%         N/A       100%        3

Inventory:

Hand Weapons
 d - a +0 whip
 Y - a +0 hand axe (weapon)
Armour
 h - a scarf of resistance (worn)
 l - a +0 chain mail (worn)
Jewellery
 f - a ring of protection from cold (left claw)
Scrolls
 a - a scroll of identify
Potions
 g - 2 potions of haste {unknown}

Dungeon Overview and Level Annotations

Branches:
Dungeon (2/15)

Altars:
Dithmenos

Annotations:
D:2 Natasha


Message History

Enter note: You see here a scroll of immolation.
Natasha and a kobold come into view.
Natasha is carrying a wand of quicksilver (7).
Natasha hisses angrily.
The kobold shouts!
Enter note: A hobgoblin comes into view.
It is wielding a +0 club and quivering poisoned darts.
Natasha stares at you and mumbles some strange words.
The magic dart hits you but does no damage.
Natasha barely misses you.
You hit Natasha. Your claw misses Natasha.
Natasha is lightly wounded.
Natasha casts a spell at you.
The magic dart hits you but does no damage.
You barely miss Natasha.
Natasha is lightly wounded.
The kobold throws a stone.
The stone hits you but does no damage.
Natasha drinks a potion.
Natasha seems to grow stronger.
You closely miss Natasha.
Natasha is lightly wounded.
You hit the kobold but do no damage.
Natasha zaps a wand.
The bolt of dispelling energy hits you!
Ouch! That really hurt!
The kobold barely misses you.
Natasha casts a spell.
You hit Natasha.
Natasha is moderately wounded.
You hit the kobold but do no damage. The kobold completely misses you.
Natasha stares at you and mumbles some strange words.
You feel yourself slow down.
The crimson imp blinks!
You barely miss Natasha.
Natasha is lightly wounded.
You closely miss the kobold. The kobold hits you with a +0 whip.
Natasha claws you. The kobold hits you but does no damage.
Natasha zaps a wand.
The bolt of dispelling energy hits you!
Your magical effects are unravelling.
Ouch! That really hurt!
You die...

#.#.#.##.########
#...#.##.........
#######.###........ #
...........?.......
#..#######...#........
#.....###.#..........
########..##.##.........
........#...............
.......@'..5.##.........
......Kh#######.........
.......g#######'#'######
...................#####
........................
.....................###
......................#.
........................
...............


You could see Natasha (strong), a crimson imp (summoned), a hobgoblin and a
kobold.

Vanquished Creatures
  2 adders (D:2)
  3 ball pythons
  A bat (D:2)
  4 endoplasms (D:1)
  A quokka (D:1)
  A frilled lizard (D:1)
  7 goblins
  5 kobolds
24 creatures vanquished.

Vanquished Creatures (others)
  7 demonic plants (D:2)
  A withered plant (D:2)
8 creatures vanquished.

Grand Total: 32 creatures vanquished

Notes
Turn   | Place    | Note
-------+----------+-------------------------------------------
     0 | D:1      | qw the Ghoul Enchanter began the quest for the Orb.
     0 | D:1      | Reached XP level 1. HP: 14/14 MP: 2/2
     0 | D:1      | 0 ||| qw: Version: 0.1-a-111-g1c1fd2e
     0 | D:1      | 0 ||| qw: Game counter: 6580
     0 | D:1      | 0 ||| qw: Always use a shield: true
     0 | D:1      | 0 ||| qw: God list: Okawaru
     0 | D:1      | 0 ||| qw: Allow faded altars: false
     0 | D:1      | 0 ||| qw: Do Orc after D:15 true
     0 | D:1      | 0 ||| qw: Do second Lair branch before Depths: true
     0 | D:1      | 0 ||| qw: Lair rune preference: random
     0 | D:1      | 0 ||| qw: Plans: Normal
     0 | D:1      | 0 ||| PLANNING D:1-11
    34 | D:1      | 34 ||| SWAPPING to +0 whip.
    35 | D:1      | 35 ||| DROPPING +1 dagger.
    54 | D:1      | 54 ||| SWAPPING to +0 hand axe.
   159 | D:1      | Reached skill level 1 in Axes
   370 | D:1      | 370 ||| Stepping ~*~*~tactically~*~*~ (stealth).
   380 | D:1      | Reached XP level 2. HP: 10/22 MP: 3/3
   381 | D:1      | Reached skill level 1 in Fighting
   389 | D:1      | 389 ||| Stepping ~*~*~tactically~*~*~ (stealth).
   390 | D:1      | 390 ||| Stepping ~*~*~tactically~*~*~ (stealth).
   400 | D:1      | 400 ||| Stepping ~*~*~tactically~*~*~ (stealth).
   408 | D:1      | 408 ||| Stepping ~*~*~tactically~*~*~ (stealth).
   748 | D:1      | 748 ||| Stepping ~*~*~tactically~*~*~ (stealth).
  1185 | D:1      | 1185 ||| UPGRADING to scarf of resistance.
  1190 | D:1      | 1190 ||| UPGRADING to +0 chain mail.
  1200 | D:1      | 1200 ||| DROPPING +0 robe.
  1201 | D:1      | 1201 ||| UPGRADING to ring of protection from cold.
  1202 | D:1      | 1202 ||| READING scroll labelled TEWOPPEROO.
  1203 | D:1      | 1203 ||| READING scroll labelled SALOPP TIPP.
  1204 | D:1      | 1204 ||| READING scroll labelled TORECKIZE.
  1205 | D:1      | 1205 ||| READING scroll labelled RARAVY ULEDGH.
  1206 | D:1      | 1206 ||| DROPPING 2 potions of invisibility.
  1251 | D:2      | Found a shadowy altar of Dithmenos.
  1391 | D:2      | Found a faded altar of an unknown god.
  1415 | D:2      | Reached XP level 3. HP: 20/28 MP: 4/4
  1760 | D:2      | Noticed Natasha
  1767 | D:2      | HP: 4/29 [Natasha (6)]
  1767 | D:2      | Killed from afar by Natasha

Levels and vault maps discovered:
D:1:      minmay_arrival_floating_metal, layout_rooms
D:2:      layout_basic, shapermc_ecumenical_altar_gd, basic_altar,
          minmay_misc_feat_tower, uniq_natasha

Skill      XL: |  1  2 |
---------------+-------+-----
Axes           | 1 2 |  2.2
Fighting       | 1 |  1.7
Short Blades   | |  0.8
Dodging        | |  1.7
Stealth        | |  3.2
Spellcasting   | |  1.7
Hexes          | |  2.4

Action                   || total
-------------------------++-------
Melee: Hand axe          ||    91
       Dagger            ||    10
  Use: Scroll            ||     4
Armor: Robe              ||     8
       Chain mail        ||    52
Dodge: Dodged            ||    57

Table legend:
 A = Non-vault XP
 B = Vault XP
 C = Vault XP percentage of total XP
 D = Non-vault monster count
 E = Vault monster count
 F = Vault count percentage of total count
                 A         B        C        D         E       F
            +---------+---------+-------+---------+---------+-------
      Total |      61 |       0 |   0.0 |      24 |       0 |   0.0
            +---------+---------+-------+---------+---------+-------
        D:1 |      25 |       0 |   0.0 |      16 |       0 |   0.0
        D:2 |      36 |       0 |   0.0 |       8 |       0 |   0.0
            +---------+---------+-------+---------+---------+-------
